 Dungeon Crawl Stone Soup version 0.30-a0-509-gd016549fea (webtiles) character file.

Game seed: 4985311469121924718

88379 M4edhros the Timeless (level 15, -18/90 HPs)
             Began as an Octopode Artificer on Dec 21, 2022.
             Was a High Priest of Cheibriados.
             Blown up by an orb spider (83 damage)
             ... with an orb of destruction
             ... on level 3 of the Spider Nest on Dec 22, 2022.
             The game lasted 01:31:13 (11326 turns).

M4edhros the Timeless (Octopode Artificer)         Turns: 11326, Time: 01:31:14

Health: -18/90     AC:  5    Str: 38    XL:     15   Next: 93%
Magic:  20/24      EV: 37    Int: 33    God:    Cheibriados [*****.]
Gold:   807        SH: 18    Dex: 34    Spells: 2/29 levels left

rFire   + . .      SeeInvis +      - Unarmed
rCold   + . .      Faith    .    J - +3 kite shield of Muang {SInv}
rNeg    + . .      Spirit   .    (helmet restricted)
rPois   +          Reflect  .    W - amulet of regeneration
rElec   .          Harm     .    K - ring of protection from cold
rCorr   +          Rampage  .    m - +6 ring of intelligence
Will    +....                    d - +4 ring of evasion
Stlth   ++++++....               q - +4 ring of evasion
HPRegen 1.15/turn                t - +4 ring of protection
MPRegen 0.19/turn                e - ring of Cuskeofu {Contam rPois rN+ rCorr Str+6}
                                 B - +4 ring of evasion
                                 G - +6 ring of strength

@: slowed, studying Staves, very slow
A: almost no armour, amphibious, 8 rings, camouflage 1, gelatinous body 1,
(nimble swimmer 1), tentacles, fangs 1, fire resistance 1, frail 1, low MP 1
a: Renounce Religion, Bend Time, Temporal Distortion, Slouch, Step From Time


You were on level 3 of the Spider Nest.
You worshipped Cheibriados.
Cheibriados was extremely pleased with you.
You visited 5 branches of the dungeon, and saw 21 of its levels.
You also visited: Bailey.

You collected 1929 gold pieces.
You spent 1122 gold pieces at shops.

Inventory:

Hand Weapons
 x - the +7 short sword of Oleamic {spect, Fly rN+}
   (You found it on level 5 of the Dungeon)

   When its wielder attacks, the weapon's spirit leaps out and strikes again.
   The spirit shares a part of any damage it takes with its wielder.
   rN:        It protects you from negative energy.
   Fly:       It grants you flight.
Missiles
 z - 37 poisoned darts (quivered)
 D - 2 curare-tipped darts
 Z - 4 javelins
Armour
 J - the +3 kite shield of Muang (worn) {SInv}
   (You acquired it on level 3 of the Lair of Beasts)

   SInv:      It lets you see invisible.
Jewellery
 a - an amulet of reflection
 d - a +4 ring of evasion (on tentacle)
 e - the ring of Cuskeofu (on tentacle) {Contam rPois rN+ rCorr Str+6}
   (You acquired it in a bailey)

   [ring of strength]

   Str:       It affects your strength (+6).
   rPois:     It protects you from poison.
   rN:        It protects you from negative energy.
   Contam:    It causes magical contamination when unequipped.
   rCorr:     It protects you from acid and corrosion.
 i - a ring of willpower
 l - an amulet of the acrobat
 m - a +6 ring of intelligence (right tentacle)
 n - a ring of magical power
 q - a +4 ring of evasion (on tentacle)
 s - a ring of ice
 t - a +4 ring of protection (on tentacle)
 B - a +4 ring of evasion (on tentacle)
 C - a ring of ice
 G - a +6 ring of strength (on tentacle)
 I - a ring of wizardry
 K - a ring of protection from cold (left tentacle)
 P - the amulet of Vappehag {Faith Drain +Blink Int+5 SInv}
   (You found it on level 5 of the Lair of Beasts)

   [amulet of faith]

   It allows you to gain divine favour quickly.
   Int:       It affects your intelligence (+5).
   SInv:      It lets you see invisible.
   +Blink:    It lets you blink.
   Drain:     It drains your maximum health when unequipped.
 U - a ring of protection from fire
 W - an amulet of regeneration (around mantle)
Wands
 u - a wand of light (2)
 N - a wand of digging (7)
 V - a wand of flame (13)
Scrolls
 b - 2 scrolls of vulnerability
 c - a scroll of summoning
 f - 5 scrolls of amnesia
 g - 4 scrolls of fog
 h - 3 scrolls of torment
 j - 4 scrolls of poison
 k - 4 scrolls of enchant weapon
 o - 6 scrolls of teleportation
 w - 2 scrolls of immolation
 y - 4 scrolls of noise
 A - 2 scrolls of magic mapping
 F - 3 scrolls of fear
 L - a scroll of brand weapon
 R - 3 scrolls of blinking
 Y - 2 scrolls of identify
Potions
 p - 6 potions of heal wounds
 r - a potion of mutation
 v - 2 potions of attraction
 H - a potion of curing
 M - 3 potions of flight
 O - 2 potions of cancellation
 Q - a potion of ambrosia
 S - 2 potions of magic
 T - a potion of berserk rage
 X - a potion of lignification
Miscellaneous
 E - a tin of tremorstones (2/2)


   Skills:
 - Level 9.0 Fighting
 * Level 10.3 Dodging
 - Level 7.2 Stealth
 - Level 10.1 Shields
 - Level 10.5 Unarmed Combat
 - Level 7.8 Spellcasting
 + Level 3.8 Conjurations
 - Level 4.6 Summonings
 - Level 7.0 Translocations
 - Level 5.1 Transmutations
 - Level 5.1 Ice Magic
 - Level 7.0 Air Magic
 - Level 11.7 Invocations
 - Level 6.1 Evocations


You had 2 spell levels left.
You knew the following spells:

 Your Spells              Type           Power      Damage    Failure   Level
a - Ice Form              Ice/Tmut       46%        N/A       10%         4
b - Summon Ice Beast      Ice/Summ       45%        N/A       11%         4
c - Vhi's Electric Charg  Tloc/Air       100%       N/A       1%          3
d - Ignite Poison         Fire/Tmut/Pois 24%        N/A       12%         3
e - Kindle Blastsparks    Fire/Tloc/Air  86%        2d17      3%          3
f - Alistair's Intoxicat  Tmut/Pois      19%        N/A       58%         5
g - Freezing Cloud        Conj/Ice/Air   24%        6-21      24%         5

Your spell library contained the following spells:

 Spells                   Type           Power      Damage    Failure   Level
 Apportation              Tloc           100%       N/A       1%          1
 Static Discharge         Conj/Air       96%        2-6/arc   1%          2
 Sublimation of Blood     Necr           12%        N/A       12%         2
 Gell's Gravitas          Tloc           56%        N/A       1%          3
 Teleport Other           Tloc           56%        N/A       1%          3
 Frozen Ramparts          Ice            92%        1d14      3%          3
 Iskenderun's Mystic Bla  Conj/Tloc      48%        2d11      9%          4
 Dazzling Flash           Conj/Hex       50%        N/A       11%         3
 Arcjolt                  Conj/Air       24%        1d34      24%         5
 Lightning Bolt           Conj/Air       24%        1d39      24%         5
 Petrify                  Tmut/Erth      29%        N/A       26%         4
 Irradiate                Conj/Tmut      21%        3d18      34%         5
 Dispersal                Tloc           28%        N/A       56%         6
 Starburst                Conj/Fire      12%        6d5       99%         6


Dungeon Overview and Level Annotations

Branches:
Dungeon (10/15)            Temple (1/1) D:4            Lair (5/5) D:8
  Swamp (0/4) Lair:3       Spider (3/4) Lair:3          Orc (2/2) D:10
    Elf (0/3) Orc:2        Bailey (visited)
  Slime: Lair:4-5

Altars:
Ashenzari
Cheibriados
Dithmenos
Elyvilon
Fedhas
Gozag
Hepliaklqana
Kikubaaqudgha
Makhleb
Nemelex Xobeh
Okawaru
Qazlal
Ru
Sif Muna
Trog
Uskayaw
Vehumet
Wu Jian
Xom
Zin
The Shining One

Shops:
D:8 *   D:9 ?[!!   Orc:2 [(=!

Annotations:
D:9 Erica


Innate Abilities, Weirdness & Mutations

You cannot wear most types of armour.
You are amphibious.
You can wear up to eight rings at the same time.
Your skin changes colour to match your surroundings (Stealth+).
Your rubbery body absorbs attacks. (AC +1, EV +1)
((You are camouflaged when in or above water. (Stealth+)))
You have tentacles for arms and can constrict up to eight enemies at once.
You have very sharp teeth.
Your flesh is heat resistant. (rF+)
You are frail. (-10% HP)
Your magical capacity is low. (-10% MP)


Message History

You hear an angry buzzing noise. x3; You hear a faint skittering sound.
You batter the spark wasp!!
The spark wasp is severely wounded.
You constrict the spark wasp! The spark wasp stings you!
The spark wasp shocks you! The tarantella completely misses you.
The spark wasp misses you.
An orb spider comes into view.
Activating: Slouch (1% risk of failure)
Press: ? - help, Dir - look around, f - activate You can feel time thicken for a moment.
You kill the spark wasp!
Cheibriados thoroughly appreciates the change of pace.
You kill the tarantella!
Cheibriados thoroughly appreciates the change of pace.
Cheibriados lowers the support of your attributes as your movement quickens.
The orb spider begins to weave its threads into a brightly glowing ball.
Unknown command.
Unknown command.
Unknown command.
Unknown command.
You bludgeon the demonic crawler!
The demonic crawler is almost dead.
The demonic crawler completely misses you.
You block the demonic crawler's attack.
The demonic crawler completely misses you.
The demonic crawler shrieks in warning!
You hear an angry buzzing noise. x2; You hear a faint skittering sound. x2
You hear a skittering sound.
You hear a faint skittering sound.
You tentacle-slap the demonic crawler.
The demonic crawler is almost dead.
The orb spider weaves a glowing orb of energy.
The demonic crawler hits you but does no damage.
You block the demonic crawler's attack.
The demonic crawler completely misses you.
You block the demonic crawler's attack.
The demonic crawler completely misses you. x2
An orb of destruction comes into view.
The orb of destruction hits you!!!!
Ouch! That really hurt!
You die...

# ### .#^..## .s....#
## ## ##☼.#.. # .##.#
##.##.○..###..
#..#.##....†○.......
^.#.#...#.#†○sw.....
#......##...@#......
.........#.......#.
#^...#.†....#.#
###..#..#.#...... ##
####.....†......#.##
.## ..#.......^.#....##
..##.^##..#..^.#^.)#..#
...^^###.#....#.#.....#
#(..###.###..<.####..##


You could see a torpor snail, a demonic crawler (catching breath) and an orb
spider.

Vanquished Creatures
  Nikola (Spider:2)
  Arachne (Spider:2)
  Kirke (Lair:3)
  A ghost moth (Spider:2)
  A broodmother (Spider:1)
  2 orc warlords
  3 spark wasps
  An ettin (Orc:1)
  Josephine (Orc:1)
  4 hydras
  An ogre mage (Orc:2)
  3 catoblepae (Lair:5)
  A jorogumo (Spider:2)
  A radroach (Spider:1)
  2 two-headed ogres
  A boulder beetle (Spider:1)
  18 death yaks
  A tengu warrior (D:9)
  2 pharaoh ants
  Nergalle (Orc:2)
  A sun moth (Spider:2)
  4 steelbarb worms
  2 orb spiders
  2 orc knights (Bailey)
  9 wolf spiders
  10 orc sorcerers (Orc:2)
  A cyclops (Orc:2)
  2 manticores (Lair:5)
  A moth of wrath (Spider:2)
  A black mamba (Lair:5)
  10 elephants
  3 rime drakes
  12 cane toads
  7 komodo dragons
  2 kobold demonologists (D:10)
  2 demonic crawlers
  2 polar bears
  4 dream sheep (Lair:5)
  11 tarantellas
  4 blink frogs (Lair:3)
  A troll (Orc:2)
  A shadow (D:9)
  16 jumping spiders
  7 wyverns
  51 yaks
  12 culicivoras
  4 wraiths (Orc:1)
  A basilisk (Lair:2)
  28 redbacks
  4 steam dragons
  A hog (Lair:3)
  5 vampire mosquitoes (Lair:3)
  9 wargs
  Menkaure (D:6)
  8 water moccasins
  21 orc warriors
  A sky beast (D:7)
  4 ice beasts
  5 ogres
  8 wolves
  A centaur (D:9)
  10 kobold brigands
  4 bullfrogs
  A necrophage (D:7)
  2 scorpions
  23 wights
  4 killer bees (D:10)
  3 electric eels
  4 howler monkeys (D:9)
  4 hounds
  9 orc priests
  A gnoll bouda (Orc:2)
  34 orc wizards
  An iguana (D:5)
  Robin (D:2)
  13 gnolls
  8 adders
  3 worms
  3 dart slugs
  73 orcs
  7 bats
  9 endoplasms
  3 giant cockroaches
  28 goblins
  23 hobgoblins
  2 jackals (D:3)
  22 kobolds
  6 quokkas
  4 ball pythons
  5 frilled lizards
  4 rats (D:1)
640 creatures vanquished.

Vanquished Creatures (collateral kills)
  An emperor scorpion (Spider:1)
  2 wights (D:6)
  3 orc priests
  2 orcs (D:8)
  A goblin (D:2)
  A ball python (D:3)
  2 frilled lizards
12 creatures vanquished.

Vanquished Creatures (others)
  A bullfrog (D:6)
  A killer bee (D:10)
  A hound (D:6)
  An orc wizard (Orc:2)
  A goblin (D:2)
  7 fungi
  39 plants
51 creatures vanquished.

Grand Total: 703 creatures vanquished

Notes
Turn   | Place    | Note
-------+----------+-------------------------------------------
     0 | D:1      | M4edhros the Octopode Artificer began the quest for the
                  | Orb.
     0 | D:1      | Reached XP level 1. HP: 13/13 MP: 1/1
    59 | D:2      | Noticed Robin
    60 | D:2      | Killed Robin
    61 | D:2      | Reached skill level 1 in Unarmed Combat
    61 | D:2      | Reached XP level 2. HP: 18/18 MP: 2/2
    70 | D:2      | Reached XP level 3. HP: 13/23 MP: 3/3
   218 | D:3      | Found a burning altar of Makhleb.
   521 | D:4      | Reached XP level 4. HP: 29/29 MP: 4/4
   543 | D:4      | Found a staircase to the Ecumenical Temple.
   552 | Temple   | Entered the Ecumenical Temple
   579 | Temple   | Became a worshipper of Cheibriados the Contemplative
   684 | D:3      | Found a blossoming altar of Fedhas.
   686 | D:3      | Identified the +2 robe of Polish {Str+3 Int+7}
  1001 | D:3      | Found a bloodstained altar of Trog.
  1011 | D:3      | Reached * piety under Cheibriados
  1187 | D:2      | Reached XP level 5. HP: 23/34 MP: 5/5
  2181 | D:1      | Reached ** piety under Cheibriados
  2333 | D:1      | Found a faded altar of an unknown god.
  2727 | D:2      | Found a glowing silver altar of Zin.
  2895 | D:5      | Entered Level 5 of the Dungeon
  2895 | D:5      | Noticed an ice beast
  2904 | D:5      | Killed an ice beast
  2905 | D:5      | Reached XP level 6. HP: 41/41 MP: 6/6
  2937 | D:5      | Identified the +7 short sword of Oleamic {spect, Fly rN+}
  3052 | D:4      | Reached XP level 7. HP: 45/45 MP: 7/7
  3055 | D:4      | Found a hide-covered altar of Uskayaw.
  3156 | D:6      | Reached *** piety under Cheibriados
  3173 | D:6      | Gained mutation: Your flesh is heat resistant. (rF+)
                  | [potion of mutation]
  3173 | D:6      | Gained mutation: You are frail. (-10% HP) [potion of
                  | mutation]
  3173 | D:6      | Gained mutation: Your magical capacity is low. (-10% MP)
                  | [potion of mutation]
  3173 | D:6      | Gained mutation: You have very sharp teeth. [potion of
                  | mutation]
  3270 | D:6      | Reached skill level 5 in Stealth
  3270 | D:6      | Reached skill level 5 in Evocations
  3309 | D:6      | Reached XP level 8. HP: 33/46 MP: 7/7
  3320 | D:6      | Reached skill level 5 in Unarmed Combat
  3420 | D:6      | Noticed Menkaure
  3442 | D:6      | Killed Menkaure
  3462 | D:6      | Found an ancient bone altar of Kikubaaqudgha.
  3541 | D:7      | Reached **** piety under Cheibriados
  3683 | D:7      | Reached skill level 5 in Dodging
  3689 | D:7      | Reached XP level 9. HP: 47/53 MP: 8/8
  3791 | D:8      | Found Kerept's General Store.
  3939 | D:8      | Bought a scroll of immolation for 60 gold pieces
  3939 | D:8      | Bought a scroll of teleportation for 45 gold pieces
  3939 | D:8      | Bought a potion of heal wounds for 75 gold pieces
  4073 | D:8      | Noticed a two-headed ogre
  4082 | D:8      | Found a flagged portal.
  4089 | Bailey   | Entered a bailey
  4099 | Bailey   | Learned a level 4 spell: Ice Form
  4104 | Bailey   | Learned a level 4 spell: Summon Ice Beast
  4148 | Bailey   | Reached skill level 1 in Ice Magic
  4153 | Bailey   | Noticed an orc knight
  4173 | Bailey   | Killed an orc knight
  4174 | Bailey   | Reached skill level 5 in Fighting
  4174 | Bailey   | Reached skill level 1 in Transmutations
  4174 | Bailey   | Reached skill level 1 in Invocations
  4180 | Bailey   | Reached ***** piety under Cheibriados
  4200 | Bailey   | Noticed an orc knight
  4209 | Bailey   | Reached skill level 2 in Invocations
  4216 | Bailey   | Killed an orc knight
  4217 | Bailey   | Reached skill level 4 in Invocations
  4218 | Bailey   | Reached XP level 10. HP: 53/59 MP: 12/12
  4235 | Bailey   | Noticed an orc warlord
  4238 | Bailey   | Reached skill level 5 in Invocations
  4370 | Bailey   | Reached skill level 6 in Invocations
  4492 | Bailey   | Killed an orc warlord
  4493 | Bailey   | Reached skill level 8 in Invocations
  4531 | Bailey   | Acquired the ring of Cuskeofu {Contam rPois rN+ rCorr
                  | Str+6}
  4662 | D:8      | Found an opulent altar of Gozag.
  4761 | D:8      | Reached skill level 9 in Invocations
  4832 | D:9      | Found Uphavvo's Distillery.
  4835 | D:9      | Bought a potion of heal wounds for 70 gold pieces
  4835 | D:9      | Bought a potion of heal wounds for 70 gold pieces
  4835 | D:9      | Bought a potion of resistance for 140 gold pieces
  4835 | D:9      | Bought a potion of heal wounds for 70 gold pieces
  4837 | D:9      | Noticed a two-headed ogre
  4848 | D:9      | Noticed Erica
  4849 | D:9      | Killed a two-headed ogre
  4850 | D:9      | Reached skill level 10 in Invocations
  4922 | D:8      | Found a staircase to the Lair.
  4942 | D:8      | Reached skill level 11 in Invocations
  4942 | D:8      | Reached XP level 11. HP: 51/62 MP: 17/17
  5004 | D:9      | Found a sparkling altar of Nemelex Xobeh.
  5033 | D:9      | Noticed a tengu warrior
  5049 | D:9      | Killed a tengu warrior
  5060 | D:9      | Noticed a skeletal warrior
  5100 | D:9      | Found a sacrificial altar of Ru.
  5230 | D:9      | Reached skill level 1 in Shields
  5259 | D:9      | Found Raosiunea's Antique Armour Emporium.
  5270 | D:9      | Found Isetwogoe's Magic Scroll Shoppe.
  5277 | D:9      | Bought a scroll of poison for 52 gold pieces
  5298 | D:9      | Found Jefate's Distillery.
  5377 | D:10     | Entered Level 10 of the Dungeon
  5748 | D:10     | Upgraded the game from 0.30-a0-476-g330ca2eb8e to
                  | 0.30-a0-509-gd016549fea
  5786 | D:10     | Noticed a soul eater
  5795 | D:10     | Found a staircase to the Orcish Mines.
  5826 | D:10     | Reached skill level 5 in Shields
  5863 | Orc:1    | Entered Level 1 of the Orcish Mines
  5931 | Orc:1    | Noticed Josephine
  6044 | Orc:1    | Noticed a two-headed ogre
  6047 | Orc:1    | Noticed an ettin
  6048 | Orc:1    | Killed Josephine
  6052 | Orc:1    | Killed a two-headed ogre
  6053 | Orc:1    | Killed an ettin
  6182 | Orc:2    | Entered Level 2 of the Orcish Mines
  6182 | Orc:2    | Noticed an orc sorcerer
  6189 | Orc:2    | Killed an orc sorcerer
  6190 | Orc:2    | Reached XP level 12. HP: 71/71 MP: 18/18
  6431 | Orc:2    | Noticed an orc warlord
  6443 | Orc:2    | Killed an orc warlord
  6553 | Orc:2    | Found a staircase to the Elven Halls.
  6623 | Orc:2    | Found Roev's Antique Weapon Shoppe.
  6654 | Orc:2    | Found an ancient bone altar of Kikubaaqudgha.
  6655 | Orc:2    | Noticed Nergalle
  6660 | Orc:2    | Killed Nergalle
  6732 | Orc:2    | Noticed an ogre mage
  6737 | Orc:2    | Killed an ogre mage
  6738 | Orc:2    | Found a radiant altar of Vehumet.
  6762 | Orc:2    | Found Otithrui's Antique Armour Emporium.
  6815 | Orc:2    | Found Otuusoka's Jewellery Shoppe.
  6829 | Orc:2    | Noticed a soul eater
  6955 | Orc:2    | Bought a +4 ring of evasion for 540 gold pieces
  6963 | Orc:2    | Found Buwkoe Zigo's Distillery.
  7150 | Lair:1   | Entered Level 1 of the Lair of Beasts
  7205 | Lair:2   | Reached skill level 10 in Shields
  7205 | Lair:2   | Reached skill level 1 in Spellcasting
  7205 | Lair:2   | Reached skill level 1 in Summonings
  7207 | Lair:2   | Reached XP level 13. HP: 54/79 MP: 14/19
  7469 | Lair:3   | You fall into a shaft and drop 2 floors!
  7469 | Lair:5   | Entered Level 5 of the Lair of Beasts
  7590 | Lair:3   | Found a staircase to the Swamp.
  7650 | Lair:3   | Reached skill level 10 in Unarmed Combat
  7713 | Lair:3   | Acquired the +3 kite shield of Muang {SInv}
  8117 | Lair:4   | Reached ****** piety under Cheibriados
  8588 | Lair:5   | Reached skill level 5 in Transmutations
  8588 | Lair:5   | Reached skill level 5 in Ice Magic
  8606 | Lair:5   | Reached XP level 14. HP: 70/87 MP: 20/20
  8613 | Lair:5   | Learned a level 3 spell: Vhi's Electric Charge
  8709 | Lair:5   | Reached skill level 1 in Translocations
  8709 | Lair:5   | Reached skill level 1 in Air Magic
  8724 | Lair:5   | Reached skill level 5 in Spellcasting
  9373 | Lair:5   | Reached skill level 5 in Translocations
  9378 | Lair:5   | Reached skill level 5 in Air Magic
  9450 | Lair:5   | Identified the amulet of Vappehag {Faith Drain +Blink Int+5
                  | SInv}
  9758 | Lair:3   | Noticed Kirke
  9770 | Lair:3   | Killed Kirke
  9973 | Lair:3   | Found a hole to the Spider Nest.
  9983 | Spider:1 | Entered Level 1 of the Spider Nest
 10034 | Spider:1 | Reached XP level 15. HP: 49/90 MP: 23/23
 10372 | Spider:2 | Noticed Nikola
 10401 | Spider:2 | Killed Nikola
 10533 | Spider:2 | Noticed a ghost moth
 10544 | Spider:2 | Killed a ghost moth
 10727 | Spider:1 | Learned a level 3 spell: Ignite Poison
 10731 | Spider:1 | Learned a level 3 spell: Kindle Blastsparks
 10737 | Spider:1 | Learned a level 5 spell: Alistair's Intoxication
 10743 | Spider:1 | Learned a level 5 spell: Freezing Cloud
 10834 | Spider:1 | Reached skill level 1 in Conjurations
 10842 | Spider:1 | Noticed an emperor scorpion
 10864 | Spider:1 | Killed an emperor scorpion
 10983 | Spider:2 | Noticed Arachne
 10998 | Spider:2 | Killed Arachne
 11227 | Spider:3 | Reached skill level 10 in Dodging
 11326 | Spider:3 | Blown up by an orb spider

Illustrated notes

Levels and vault maps discovered:
D:1:      roderic_dead_forest, layout_basic, ebering_ecumenical_altar_box,
          roderic_lattice_a, skrybe_limestone_x, minmay_hexomino_u4
D:2:      layout_basic, basic_altar, minmay_fractal_squares_gapless_5,
          uniq_robin
D:3:      layout_basic, lemuel_crystal_altar, lemuel_round_altar,
          mainiacjoe_overflow_alcove_1, portal_sewer_entry_e, minmay_quantized
D:4:      layout_loops_ring, marbit_many_paths, minmay_temple_entry_mist
D:5:      layout_rooms, dk_vineyard_3
D:6:      layout_cave_pools, nicolae_kikubaaqudgha_miasma_corner,
          dk_yredelemnul_ordeal, uniq_menkaure
D:7:      layout_cave_pools, serial_column_ruins, column_ruins_hut_water,
          column_ruins_open_tiny_water, column_ruins_columns_straight,
          column_ruins_open_tiny, column_ruins_open_tiny_water,
          column_ruins_columns_corner
D:8:      layout_basic, nicolae_gozag_cash_rules_everything_around_me,
          lair_entry_dummy, enter_bailey_3, serial_shops, shop
D:9:      minmay_tri_box, layout_basic, nicolae_ru_path_of_blood,
          mainiacjoe_overflow_paths, lemuel_doored_altar, serial_shops,
          kennysheep_mini_moat, nicolae_lakefront_shop, shop, shop,
          nicolae_shop_stone, uniq_erica
D:10:     layout_grid_maze, david_orc_1_choice, special_room
          [special_room_kobold], uniq_urug
Temple:   hellmonk_temple_two_chambers
Lair:1:   layout_regular_city, infiniplex_staircase_pool_2, grunt_megastairs_3
Lair:2:   layout_cave_pods, grunt_megastairs_2
Lair:3:   layout_cave_shapes, minmay_swamp_entry_swarm, dummy_spider_entry,
          uniq_kirke
Lair:4:   wander_river, layout_cellular_growth, serial_bayou_shore_b,
          grunt_megastairs_1
Lair:5:   evilmike_catoblepas_cave, layout_cave_pods, slime_entry_2,
          serial_bayou_lake_a, lemuel_fruit_fields, lemuel_fruit_tree
Spider:1: layout_spider_delve
Spider:2: layout_spider_delve, uniq_asterion, uniq_arachne, uniq_nikola
Spider:3: layout_spider_delve, guppyfry_spider_mini_3
Orc:1:    layout_diamond_mine, minmay_orc_temple_a, uniq_josephine
Orc:2:    kennysheep_orc_mage_school, layout_caves, statue_in_the_mist_lemuel

Skill      XL: |  1  2  3  4  5  6  7  8  9 10 11 12 13 14 15 |
---------------+----------------------------------------------+-----
Unarmed Combat | 1 2 3 4 6 7 8 9 10 | 10.5
Stealth        | 2 3 4 5 6 7 |  7.2
Fighting       | 2 3 4 5 6 8 9 |  9.0
Dodging        | 3 4 5 10 | 10.3
Evocations     | 4 5 6 |  6.1
Ice Magic      | 2 5 |  5.1
Transmutations | 2 5 |  5.1
Invocations    | 4 11 | 11.7
Shields        | 7 10 | 10.1
Spellcasting   | 1 4 7 |  7.8
Summonings     | 1 4 |  4.6
Translocations | 6 7 |  7.0
Air Magic      | 6 7 |  7.0
Conjurations   | 3 |  3.8

Action                   |  1- 3 |  4- 6 |  7- 9 | 10-12 | 13-15 || total
-------------------------+-------+-------+-------+-------+-------++-------
Melee: Unarmed           |    66 |   164 |   175 |   478 |   793 ||  1676
       Constrict         |    20 |    45 |    41 |   104 |   119 ||   329
       Tentacles         |    12 |    45 |    51 |   157 |   277 ||   542
       Punch             |       |     6 |    10 |    40 |   102 ||   158
       Bite              |       |       |    26 |   115 |   179 ||   320
Throw: Dart              |       |       |       |     9 |    56 ||    65
 Cast: Ice Form          |       |       |       |     1 |       ||     1
       Summon Ice Beast  |       |       |       |       |     2 ||     2
       Kindle Blastspark |       |       |       |       |     1 ||     1
Invok: Slouch            |       |       |       |    12 |    12 ||    24
Evoke: Wand              |     7 |     8 |    23 |    13 |     4 ||    55
       Tin of tremorston |       |       |       |     1 |     1 ||     2
  Use: Potion            |       |     1 |     9 |     3 |     3 ||    16
       Scroll            |       |       |     7 |    11 |     9 ||    27
 Stab: Sleeping          |     6 |    11 |     4 |     6 |    15 ||    42
       Distracted        |       |     1 |     1 |     2 |     4 ||     8
       Betrayed ally     |       |       |     1 |       |       ||     1
       Paralysed         |       |       |    16 |       |       ||    16
       Invisible         |       |       |       |     3 |       ||     3
Armor: Skin              |     2 |     6 |    16 |    30 |    28 ||    82
Dodge: Dodged            |    50 |    79 |   108 |   303 |   493 ||  1033
Block: Other             |    10 |    33 |    20 |    29 |       ||    92
       Reflection        |       |     1 |       |    16 |     4 ||    21
       Kite shield       |       |       |       |   317 |   861 ||  1178

Table legend: (Time is in decaauts)
 A = Elapsed time spent in this place.
 B = Non-inter-level travel time spent in this place.
 C = Inter-level travel time spent in this place.
 D = Time resting spent in this place.
 E = Time spent auto-exploring this place.
 F = Levels seen in this place.
 G = Mean time per level.
                   A        B        C        D        E       F      G
               +--------+--------+--------+--------+--------+-----+--------+
         Total |  17123 |  15160 |   1963 |    114 |   2197 |  22 |  778.3 |
       Dungeon |   7604 |   6871 |    733 |      0 |   2197 |  10 |  760.4 |
        Temple |     32 |     28 |      4 |      0 |      0 |   1 |   32.0 |
          Lair |   4711 |   3740 |    971 |      0 |      0 |   5 |  942.2 |
   Spider Nest |   2227 |   2071 |    156 |      0 |      0 |   3 |  742.3 |
  Orcish Mines |   1844 |   1746 |     98 |    114 |      0 |   2 |  922.0 |
        Bailey |    703 |    703 |      0 |      0 |      0 |   1 |  703.0 |
               +--------+--------+--------+--------+--------+-----+--------+

Top non-repeatable levels by time:
     D:1: 1642 daAuts
  Lair:5: 1627 daAuts
   Orc:2: 1301 daAuts
Spider:1: 1245 daAuts
  Lair:4: 1124 daAuts
     D:8: 1057 daAuts
  Lair:3: 1001 daAuts
     D:3: 931 daAuts
    D:10: 925 daAuts
Spider:2: 786 daAuts
     D:9: 783 daAuts
     D:2: 771 daAuts
  Bailey: 703 daAuts
  Lair:2: 641 daAuts
   Orc:1: 542 daAuts
